 Dungeon Crawl Stone Soup version 0.27-a0-1308-gc08437e49b (webtiles) character file.

Game seed: 861423498019125794

52 hatdisgam the Gusty (level 3, 0/19 HPs)
             Began as a Deep Elf Air Elementalist on June 19, 2021.
             Slain by a gnoll (4 damage)
             ... on level 3 of the Dungeon.
             The game lasted 00:03:04 (1786 turns).

hatdisgam the Gusty (Deep Elf Air Elementalist)     Turns: 1786, Time: 00:03:04

Health: 0/19       AC:  3    Str:  5    XL:     3   Next: 60%
Magic:  5/10       EV: 12    Int: 20    God:
Gold:   44         SH:  0    Dex: 15    Spells: 3/9 levels left

rFire    . . .     SeeInvis .   q - +0 falchion
rCold    . . .     Faith    .   (no shield)
rNeg     . . .     Spirit   .   a - +0 robe
rPois    +         Reflect  .   (no helmet)
rElec    .         Harm     .   (no cloak)
rCorr    .         Rampage  .   (no gloves)
Will     .....                  i - +0 pair of boots
Stlth    ++........             (no amulet)
HPRegen  0.06/turn              j - ring of poison resistance
MPRegen  0.12/turn              (no ring)

@: very slightly contaminated
A: no striking features
a: no special abilities


You were on level 3 of the Dungeon.
You visited 1 branch of the dungeon, and saw 3 of its levels.

You collected 44 gold pieces.

Inventory:

Hand Weapons
 e - a +0 dagger
 q - a +0 falchion (weapon)
Armour
 a - a +0 robe (worn)
 i - a +0 pair of boots (worn)
Jewellery
 j - a ring of poison resistance (left hand)
Scrolls
 c - a scroll of fog {unknown}
 d - a scroll of fear {unknown}
 g - a scroll of brand weapon {unknown}
 l - a scroll of teleportation {unknown}
 m - a scroll of noise {unknown}
 n - a scroll of vulnerability {unknown}
 p - a scroll of identify {unknown}
Potions
 b - a potion of berserk rage {unknown}
 f - a potion of might {unknown}
 h - a potion of curing {unknown}
 k - a potion of flight {unknown}
 o - a potion of degeneration {unknown}
 r - a potion of invisibility {unknown}
 s - a potion of brilliance {unknown}


   Skills:
 - Level 2.4 Dodging
 - Level 2.4 Stealth
 + Level 3.6 Spellcasting
 * Level 2.5 Conjurations
 + Level 0.0 Summonings
 * Level 3.7 Air Magic


You had 3 spell levels left.
You knew the following spells:

 Your Spells              Type           Power      Damage    Failure   Level
a - Shock                 Conj/Air       64%        1d7       3%          1
b - Static Discharge      Conj/Air       16%        N/A       5%          2
c - Call Canine Familiar  Summ           3%         N/A       38%         3

Your spell library contained the following spells:

 Spells                   Type           Power      Damage    Failure   Level
 Swiftness                Air            18%        N/A       9%          3
 Summon Small Mammal      Summ           12%        N/A       14%         1
 Call Imp                 Summ           3%         N/A       21%         2
 Summon Guardian Golem    Hex/Summ       3%         N/A       38%         3
 Airstrike                Air            9%         N/A       28%         4
 Summon Lightning Spire   Summ/Air       11%        N/A       52%         4
 Lightning Bolt           Conj/Air       8%         1d20      71%         5
 Summon Ice Beast         Ice/Summ       3%         N/A       80%         4


Dungeon Overview and Level Annotations

Branches:
Dungeon (3/15)

Altars:


Message History

Unknown command.
Unknown command.
Casting: Shock (safe; 3% risk of failure)
Confirm with . or Enter, or press ? or * to list all spells.
Aiming: Shock (safe; 3% risk of failure)
Press: ? - help, Shift-Dir - straight line You miscast Shock.
You are very lightly contaminated with residual magic.
Nothing appears to happen.
The gnoll shaman hits you with a +0 club.
Unknown command.
Casting: Shock (safe; 3% risk of failure)
Confirm with . or Enter, or press ? or * to list all spells.
Aiming: Shock (safe; 3% risk of failure)
Press: ? - help, Shift-Dir - straight line The zap hits the gnoll shaman.
The gnoll shaman is heavily wounded.
The zap hits the gnoll.
The gnoll is lightly wounded.
The zap hits the gnoll.
The gnoll is lightly wounded.
The zap hits the gnoll shaman but does no damage.
The gnoll shaman is heavily wounded.
The gnoll shaman barely misses you.
You riposte.
You hit the gnoll shaman.
The gnoll shaman is heavily wounded.
The gnoll hits you but does no damage.
Casting: Shock (safe; 3% risk of failure)
Confirm with . or Enter, or press ? or * to list all spells.
Aiming: Shock (safe; 3% risk of failure)
Press: ? - help, Shift-Dir - straight line The zap hits the gnoll shaman.
The gnoll shaman is severely wounded.
The zap misses the gnoll. x2
The zap hits the gnoll shaman but does no damage.
The gnoll shaman is severely wounded.
The gnoll shaman hits you with a +0 club!
Ouch! That really hurt!
* * * LOW HITPOINT WARNING * * *
The gnoll hits you from afar with a +0 spear.
You die...

#.# #.# #.#
###.#######
#<.........
########.#######
#...†....#
#.######## #@#
#g# #g#
#...gg.g#
######..#


You could see a gnoll shaman and a gnoll.

Vanquished Creatures
  An adder (D:2)
  A worm (D:2)
  2 dart slugs
  2 endoplasms (D:1)
  A giant cockroach (D:2)
  3 goblins
  4 hobgoblins
  A quokka (D:1)
  3 ball pythons
  8 bats
  2 frilled lizards
  5 kobolds
  3 rats
36 creatures vanquished.

Notes
Turn   | Place    | Note
-------+----------+-------------------------------------------
     0 | D:1      | hatdisgam the Deep Elf Air Elementalist began the quest for
                  | the Orb.
     0 | D:1      | Reached XP level 1. HP: 10/10 MP: 6/6
   183 | D:1      | Reached XP level 2. HP: 15/15 MP: 1/8
   575 | D:1      | Found a faded altar of an unknown god.
   687 | D:2      | Learned a level 2 spell: Static Discharge
   905 | D:2      | Reached XP level 3. HP: 19/19 MP: 4/9
  1701 | D:2      | Learned a level 3 spell: Call Canine Familiar
  1786 | D:3      | Slain by a gnoll

Illustrated notes

Levels and vault maps discovered:
D:1:      moated_graveyard_arrival, layout_rooms,
          shapermc_ecumenical_altar_starsandcircs
D:2:      layout_basic, kennysheep_generic_room_3
D:3:      layout_basic, zin_angel, lightli_temple_of_fire, uniq_ijyb

Skill      XL: |  1  2 |
---------------+-------+-----
Conjurations   | 2 |  2.5
Dodging        | |  2.4
Stealth        | |  2.4
Spellcasting   | |  3.6
Air Magic      | |  3.7

Action                   || total
-------------------------++-------
Melee: Falchion          ||    11
 Cast: Shock             ||    62
       Static Discharge  ||     1
 Stab: Sleeping          ||     1
Armor: Robe              ||     4
Dodge: Dodged            ||    14
       Rpst.: Falchion   ||     5

Table legend: (Time is in decaauts)
 A = Elapsed time spent in this place.
 B = Non-inter-level travel time spent in this place.
 C = Inter-level travel time spent in this place.
 D = Time resting spent in this place.
 E = Time spent auto-exploring this place.
 F = Levels seen in this place.
 G = Mean time per level.
                   A        B        C        D        E       F      G
               +--------+--------+--------+--------+--------+-----+--------+
         Total |   1788 |   1741 |     47 |     57 |   1500 |   3 |  596.0 |
       Dungeon |   1788 |   1741 |     47 |     57 |   1500 |   3 |  596.0 |
               +--------+--------+--------+--------+--------+-----+--------+

Top non-repeatable levels by time:
     D:2: 1047 daAuts
     D:1: 682 daAuts
     D:3: 57 daAuts
